 Dungeon Crawl Stone Soup version 0.28.0 (webtiles) character file.

Game seed: 14041052722057601739

392 horus123 the Covert (level 6, -17/36 HPs)
             Began as a Deep Elf Brigand on Feb 10, 2022.
             Demolished by an ogre (34 damage)
             ... on level 4 of the Dungeon.
             The game lasted 00:04:52 (2936 turns).

horus123 the Covert (Deep Elf Brigand)              Turns: 2936, Time: 00:04:53

Health: -17/36     AC:  6    Str: 13    XL:     6   Next: 51%
Magic:  8/8        EV: 13    Int: 20    God:
Gold:   115        SH:  9    Dex: 20    Spells: 5/5 levels left

rFire   . . .      SeeInvis .   o - +10 mace "Anuip" {freeze, Contam rElec Int+4 Dex+2}
rCold   . . .      Faith    .   g - +1 kite shield of Gocaph Douf {Str+5 Slay+2}
rNeg    + . .      Spirit   .   h - +2 robe {rN+}
rPois   .          Reflect  .   (no helmet)
rElec   +          Harm     .   c - +0 cloak
rCorr   .          Rampage  .   k - +0 pair of gloves
Will    .....                   (no boots)
Stlth   ++++......              (no amulet)
HPRegen 0.12/turn               (no ring)
MPRegen 0.11/turn               (no ring)

@: no status effects
A: no striking features
a: no special abilities


You were on level 4 of the Dungeon.
You visited 1 branch of the dungeon, and saw 4 of its levels.

You collected 115 gold pieces.

Inventory:

Hand Weapons
 a - a +2 dagger of electrocution
 o - the +10 mace "Anuip" (weapon) {freeze, Contam rElec Int+4 Dex+2}
   (You found it on level 3 of the Dungeon)

   It freezes those it strikes, dealing additional cold damage.
   It can also slow down cold-blooded creatures.
   Int:       It affects your intelligence (+4).
   Dex:       It affects your dexterity (+2).
   rElec:     It insulates you from electricity.
   Contam:    It causes magical contamination when unequipped.
Missiles
 d - 8 poisoned darts (quivered)
 e - 2 curare-tipped darts
Armour
 c - a +0 cloak (worn)
 g - the +1 kite shield of Gocaph Douf (worn) {Str+5 Slay+2}
   (You acquired it on level 2 of the Dungeon)

   Str:       It affects your strength (+5).
   Slay:      It affects your accuracy & damage with ranged weapons and melee
   (+2).
 h - a +2 robe of positive energy (worn)
 k - a +0 pair of gloves (worn)
 q - a +2 robe of fire resistance
Scrolls
 m - 2 scrolls of teleportation
 p - a scroll of amnesia
Potions
 f - a potion of heal wounds {unknown}
 j - a potion of lignification {unknown}
 l - a potion of magic {unknown}
 n - a potion of invisibility {unknown}


   Skills:
 - Level 2.3 Fighting
 - Level 2.0 Short Blades
 - Level 2.0 Throwing
 - Level 5.1 Dodging
 - Level 8.0 Stealth


You had 5 spell levels left.
You didn't know any spells.
Your spell library contained the following spells:

 Spells                   Type           Power      Damage    Failure   Level
 Animate Skeleton         Necr           0%         N/A       56%         1
 Apportation              Tloc           0%         N/A       56%         1
 Summon Small Mammal      Summ           0%         N/A       56%         1
 Static Discharge         Conj/Air       0%         N/A       71%         2
 Portal Projectile        Hex/Tloc       0%         N/A       91%         3
 Dispel Undead            Necr           0%         3d6       100%        4
 Sticky Flame             Conj/Fire      0%         2d3       100%        4
 Blade Hands              Tmut           0%         N/A       100%        5
 Excruciating Wounds      Necr           0%         N/A       100%        5


Dungeon Overview and Level Annotations

Branches:
Dungeon (4/15)
 Temple: D:4-7

Altars:
Fedhas
Uskayaw

Shops:
D:3 !


Message History

Things that are here:
a +2 battleaxe of freezing; a +2 robe of fire resistance; the orc corpse of Blork the orc You block the howler monkey skeleton's attack.
You sock the howler monkey skeleton!
The howler monkey skeleton is heavily damaged.
You block the howler monkey skeleton's attack.
You sock the howler monkey skeleton!
The howler monkey skeleton is almost destroyed.
The howler monkey skeleton hits you.
You block the howler monkey skeleton's attack.
You hit the howler monkey skeleton but do no damage.
The howler monkey skeleton is almost destroyed.
You block the howler monkey skeleton's attack.
The howler monkey skeleton hits you.
You hit the howler monkey skeleton.
You destroy the howler monkey skeleton!
You hear the slow rusting of a very distant drain.
Things that are here:
a +2 battleaxe of freezing; a +2 robe of fire resistance; the orc corpse of Blork the orc
q - a +2 robe of fire resistance You now have 115 gold pieces (gained 14).
m - 2 scrolls of teleportation (gained 1)
You hear the rusting of a distant drain.
You hear the rusting of a distant drain.
You hear the brisk rusting of a distant drain.
Found a leather armour.
You drop a +0 robe.
As you read the scroll labelled OGOOHA XERPHYM, it crumbles to dust.
The air around you briefly surges with heat, but it dissipates.
It was a scroll of immolation.
An ogre comes into view. It is wielding a +0 giant spiked club.
Found 2 coppery potions.
The ogre shouts!
The ogre hits you with a +0 giant spiked club!!
Ouch! That really hurt!
You sock the ogre! You freeze the ogre.
The ogre is heavily wounded.
The ogre hits you with a +0 giant spiked club!!
Ouch! That really hurt!
You die...

###..................
#....................
#....####..........##
#....# #..........##
#....# #..........##
#....####..........##
#..................##
#..................##
#...@....!.###....###
#...O......###....###
#..........#.........
#..........#.......[.
#..........#.........
#..........#.........
#####################


You could see an ogre.

Vanquished Creatures
  Sigmund (D:2)
  Blork the orc (D:4)
  A hound (D:4)
  Terence (D:3)
  An iguana (D:3)
  A howler monkey skeleton (D:4)
  3 adders
  A worm (D:2)
  3 dart slugs
  7 orcs
  2 bats (D:3)
  3 endoplasms
  A giant cockroach (D:4)
  A goblin (D:3)
  4 hobgoblins
  2 quokkas (D:1)
  6 ball pythons
  5 frilled lizards
  2 kobolds
  3 rats
49 creatures vanquished.

Notes
Turn   | Place    | Note
-------+----------+-------------------------------------------
     0 | D:1      | horus123 the Deep Elf Brigand began the quest for the Orb.
     0 | D:1      | Reached XP level 1. HP: 12/12 MP: 3/3
   174 | D:1      | Reached XP level 2. HP: 13/17 MP: 4/4
   311 | D:1      | Reached skill level 5 in Stealth
   763 | D:2      | Found a blossoming altar of Fedhas.
   922 | D:2      | Identified a scroll of acquirement
   922 | D:2      | Acquired the +1 kite shield of Gocaph Douf {Str+5 Slay+2}
   976 | D:2      | Noticed Sigmund
   990 | D:2      | Killed Sigmund
   991 | D:2      | Reached skill level 8 in Stealth
   991 | D:2      | Reached XP level 3. HP: 13/22 MP: 5/5
   991 | D:2      | Reached XP level 4. HP: 16/27 MP: 6/6
   991 | D:2      | Reached XP level 5. HP: 19/31 MP: 7/7
  1592 | D:3      | Noticed Terence
  1599 | D:3      | Killed Terence
  1793 | D:3      | Found Mery's Distillery.
  2015 | D:3      | Found a hide-covered altar of Uskayaw.
  2246 | D:3      | Reached XP level 6. HP: 36/36 MP: 8/8
  2260 | D:3      | Identified the +10 mace "Anuip" {freeze, Contam rElec Int+4
                  | Dex+2}
  2712 | D:4      | Noticed Blork the orc
  2735 | D:4      | Killed Blork the orc
  2736 | D:4      | Reached skill level 5 in Dodging
  2936 | D:4      | Demolished by an ogre

Illustrated notes

Levels and vault maps discovered:
D:1:      wander_arrival_peaceful_grave, layout_rooms
D:2:      layout_basic, basic_altar, uniq_sigmund
D:3:      layout_loops_ring, mainiacjoe_overflow_surrounded_room, serial_shops,
          nicolae_shop_stone, chequers_serial_rivers_small_3, uniq_terence
D:4:      layout_basic, gup_sewer_entry_bubbles, cheibrodos_gnoll_hut,
          uniq_blork_the_orc

Skill      XL: |  1  2  3  4  5  6 |
---------------+-------------------+-----
Fighting       | 2 |  2.3
Stealth        | 8 |  8.0
Dodging        | 3 5 |  5.1
Short Blades   | |  2.0
Throwing       | |  2.0

Action                   |  1- 3 |  4- 6 || total
-------------------------+-------+-------++-------
Melee: Dagger            |    64 |    32 ||    96
       Mace              |       |    29 ||    29
Throw: Dart              |       |     1 ||     1
  Use: Scroll            |     2 |     5 ||     7
 Stab: Sleeping          |     6 |    14 ||    20
Armor: Robe              |    14 |     9 ||    23
Dodge: Dodged            |    47 |    19 ||    66
Block: Kite shield       |     3 |    24 ||    27
